 Dungeon Crawl Stone Soup version 0.27.0-1-g7a089689b8 (webtiles) character file.

Game seed: 2050550070247802735

43049 SkeletonJelly the Carver (level 13, -5/118 HPs)
             Began as a Red Draconian Monk on Aug 12, 2021.
             Was a Priest of Cheibriados.
             Slain by an eight-headed hydra (6 damage)
             ... on level 4 of the Lair of Beasts.
             The game lasted 00:40:21 (21180 turns).

SkeletonJelly the Carver (Red Draconian Monk)      Turns: 21180, Time: 00:40:22

Health: -5/118     AC: 19    Str: 22    XL:     13   Next: 88%
Magic:  8/22       EV: 22    Int: 21    God:    Cheibriados [***...]
Gold:   975        SH:  0    Dex: 23    Spells: 12/12 levels left

rFire    + . .     SeeInvis +   J - +4 short sword "Usorubad" {pain, +Blink rC+ Dex-4}
rCold    + + .     Faith    .   (no shield)
rNeg     . . .     Spirit   .   (armour unavailable)
rPois    +         Reflect  .   z - +2 hat
rElec    .         Harm     .   T - +1 cloak
rCorr    .         Rampage  .   t - +0 pair of gloves
Will     .....                  r - +1 pair of boots
Stlth    ++........             U - amulet of the acrobat
HPRegen  0.29/turn              e - +4 ring of protection
MPRegen  0.18/turn              R - ring of Ivearph {Fly rPois rC+ Dex+6 SInv}

@: flying, studying Shields, very slow
A: breathe fire, AC +8, unfitting armour, fire resistance 1, cold-blooded
a: Breathe Fire, Renounce Religion, Evoke Blink, Bend Time, Temporal Distortion


You were on level 4 of the Lair of Beasts.
You worshipped Cheibriados.
Cheibriados was most pleased with you.
You visited 2 branches of the dungeon, and saw 20 of its levels.
You also visited: Bailey.

You collected 975 gold pieces.

Inventory:

Hand Weapons
 G - a +4 scimitar
 J - the +4 short sword "Usorubad" (weapon) {pain, +Blink rC+ Dex-4}
   (You found it on level 6 of the Dungeon)

   In the hands of one skilled in necromantic magic, it inflicts extra damage on
   living creatures.
   Dex:       It affects your dexterity (-4).
   rC:        It protects you from cold.
   +Blink:    It lets you blink.
 K - a +3 great sword
Missiles
 k - 2 curare-tipped darts
 s - 29 poisoned darts
 H - 8 boomerangs
Armour
 r - a +1 pair of boots (worn)
 t - a +0 pair of gloves (worn)
 z - a +2 hat (worn)
 Q - a scarf of resistance
 T - a +1 cloak (worn)
Jewellery
 e - a +4 ring of protection (left hand)
 h - an amulet of reflection
 l - an amulet of guardian spirit
 v - a +4 ring of evasion
 M - a +4 ring of protection
 N - a ring of resist corrosion
 O - a +4 ring of protection
 P - a ring of ice
 R - the ring of Ivearph (right hand) {Fly rPois rC+ Dex+6 SInv}
   (You found it on level 3 of the Lair of Beasts)

   [ring of dexterity]

   Dex:       It affects your dexterity (+6).
   rC:        It protects you from cold.
   rPois:     It protects you from poison.
   SInv:      It lets you see invisible.
   Fly:       It grants you flight.
 U - an amulet of the acrobat (around neck)
Wands
 a - a wand of polymorph (15)
 B - a wand of iceblast (30)
Scrolls
 b - 4 scrolls of amnesia
 j - 4 scrolls of enchant weapon
 m - 4 scrolls of noise
 n - 7 scrolls of identify
 q - a scroll of teleportation
 u - a scroll of fear
 x - 3 scrolls of enchant armour
 y - 2 scrolls of blinking
 I - a scroll of silence {unknown}
 L - a scroll of magic mapping
Potions
 c - 3 potions of might
 d - 6 potions of curing {unknown}
 f - a potion of haste {unknown}
 g - 2 potions of mutation {unknown}
 i - a potion of heal wounds
 o - a potion of berserk rage {unknown}
 p - a potion of invisibility {unknown}
 w - 2 potions of attraction {unknown}
 A - 3 potions of ambrosia
 C - 4 potions of degeneration {unknown}
 E - 3 potions of magic {unknown}
 F - 2 potions of flight {unknown}
 S - a potion of cancellation {unknown}
Miscellaneous
 D - a lightning rod (1/4)


   Skills:
 - Level 12.0 Fighting
 - Level 14.0 Long Blades
 - Level 12.0 Dodging
 - Level 2.0 Stealth
 + Level 0.4 Spellcasting
 - Level 12.0 Invocations


You had 12 spell levels left.
You didn't know any spells.
Your spell library contained the following spells:

 Spells                   Type           Power      Damage    Failure   Level
 Blink                    Tloc           N/A        N/A       26%         2
 Slow                     Hex            0%         N/A       26%         2
 Call Canine Familiar     Summ           0%         N/A       45%         3
 Confusing Touch          Hex            0%         N/A       45%         3
 Frozen Ramparts          Ice            0%         1d2       45%         3
 Gell's Gravitas          Tloc           0%         N/A       45%         3
 Lesser Beckoning         Tloc           0%         N/A       45%         3
 Portal Projectile        Hex/Tloc       0%         N/A       45%         3
 Teleport Other           Tloc           0%         N/A       45%         3
 Tukima's Dance           Hex            0%         N/A       45%         3
 Vampiric Draining        Necr           0%         2d6       45%         3
 Ice Form                 Ice/Tmut       0%         N/A       86%         4
 Leda's Liquefaction      Hex/Erth       0%         N/A       86%         4
 Olgreb's Toxic Radiance  Pois           0%         N/A       86%         4
 Passage of Golubria      Tloc           N/A        N/A       86%         4
 Summon Ice Beast         Ice/Summ       0%         N/A       86%         4
 Iskenderun's Battlesphe  Conj           0%         2d6       99%         5
 Manifold Assault         Tloc           0%         N/A       99%         5
 Silence                  Hex/Air        0%         N/A       99%         5
 Yara's Violent Unravell  Hex/Tmut       0%         3d3       99%         5
 Iron Shot                Conj/Erth      0%         9d1       100%        6
 Ozocubu's Refrigeration  Ice            0%         4d5       100%        7
 Spellforged Servitor     Conj/Summ      0%         N/A       100%        7
 Storm Form               Tmut/Air       0%         N/A       100%        7
 Ignition                 Fire           0%         3d3       100%        8
 Lehudib's Crystal Spear  Conj/Erth      0%         10d2      100%        8


Dungeon Overview and Level Annotations

Branches:
Dungeon (15/15)            Temple (0/1) D:7            Lair (5/6) D:10
 Shoals (0/4) Lair:2       Spider (0/4) Lair:3          Orc (0/2) D:12
 Bailey (visited)
  Slime: Lair:5-6    Vaults: D:13-14     Depths: D:15

Altars:
Cheibriados
Fedhas
Qazlal
Ru
Uskayaw
Wu Jian
The Shining One

Shops:
D:4 [

Annotations:
D:9 exclusions: ice statue and obsidian statue
Lair:3 exclusion: 2 oklob plants


Innate Abilities, Weirdness & Mutations

You can breathe blasts of fire.
Your fiery red scales are hard. (AC +8)
You cannot fit into any form of body armour.
Your flesh is heat resistant. (rF+)
You are cold-blooded and may be slowed by cold attacks.


Message History

The eight-headed hydra misses you. The vampire mosquito bites you!
The vampire mosquito draws strength from your injuries!
The vampire mosquito completely misses you. x4
The will-o-the-wisp gestures.
The will-o-the-wisp conjures some foxfire! 2 foxfires come into view.
There is a stone staircase leading up here.
The vampire mosquito completely misses you.
The foxfire hits you. You resist.
The vampire mosquito closely misses you.
The eight-headed hydra bites you but does no damage.
The eight-headed hydra misses you.
The eight-headed hydra bites you but does no damage.
The eight-headed hydra closely misses you.
The eight-headed hydra bites you but does no damage. x3
The eight-headed hydra misses you.
The vampire mosquito closely misses you.
You fly upwards.
There is a stone staircase leading down here.
You don't know any spells.
The flow of time bends around you.
The eight-headed hydra resists with some effort.
Cheibriados rebukes the vampire mosquito.
The vampire mosquito seems to slow down.
Cheibriados lowers the support of your attributes as your movement quickens.
The vampire mosquito bites you.
The vampire mosquito draws strength from your injuries!
The eight-headed hydra completely misses you.
The eight-headed hydra bites you. The eight-headed hydra misses you.
The eight-headed hydra completely misses you.
The eight-headed hydra bites you!
The eight-headed hydra bites you but does no damage. x2
The eight-headed hydra bites you!
* * * LOW HITPOINT WARNING * * *
The vampire mosquito completely misses you.
The flow of time bends around you.
Cheibriados rebukes the eight-headed hydra.
The eight-headed hydra seems to slow down.
Cheibriados rebukes the vampire mosquito.
The vampire mosquito seems to slow down.
The vampire mosquito misses you.
You hit the eight-headed hydra.
The eight-headed hydra is lightly wounded.
The eight-headed hydra barely misses you.
The eight-headed hydra bites you.
* * * LOW HITPOINT WARNING * * *
The eight-headed hydra bites you!
* * * LOW HITPOINT WARNING * * *
The eight-headed hydra misses you. x2
The eight-headed hydra barely misses you. x2
The eight-headed hydra bites you but does no damage.
You feel much better. The vampire mosquito bites you!
* * * LOW HITPOINT WARNING * * *
The vampire mosquito draws strength from your injuries!
The vampire mosquito misses you.
You feel much better.
The eight-headed hydra bites you but does no damage. x2
The eight-headed hydra bites you.
The eight-headed hydra bites you but does no damage.
The eight-headed hydra bites you!
* * * LOW HITPOINT WARNING * * *
The eight-headed hydra bites you!
* * * LOW HITPOINT WARNING * * *
The eight-headed hydra completely misses you. x2
The vampire mosquito closely misses you.
You warp the flow of time around you!
Aiming: Thunderbolt
Press: ? - help, Shift-Dir - straight line, f - eight-headed hydra
Aim: an eight-headed hydra (wandering, hasn't noticed you)
The thunderbolt hits the eight-headed hydra!
The eight-headed hydra is moderately wounded.
Aiming: Thunderbolt
Press: ? - help, Shift-Dir - straight line, f/p - eight-headed hydra
Aim: an eight-headed hydra (moderately wounded)
The thunderbolt hits the eight-headed hydra!
The eight-headed hydra is moderately wounded.
The eight-headed hydra bites you but does no damage.
The eight-headed hydra closely misses you.
The eight-headed hydra completely misses you. x2
The eight-headed hydra bites you!
* * * LOW HITPOINT WARNING * * *
The eight-headed hydra bites you.
* * * LOW HITPOINT WARNING * * *
The eight-headed hydra bites you but does no damage.
The eight-headed hydra completely misses you.
Aiming: Thunderbolt
Press: ? - help, Shift-Dir - straight line, f/p - eight-headed hydra
Aim: an eight-headed hydra (moderately wounded)
The thunderbolt hits the eight-headed hydra!
The eight-headed hydra is heavily wounded.
The eight-headed hydra bites you but does no damage.
The eight-headed hydra bites you.
* * * LOW HITPOINT WARNING * * *
The eight-headed hydra barely misses you.
The eight-headed hydra bites you.
* * * LOW HITPOINT WARNING * * *
The eight-headed hydra bites you but does no damage.
The eight-headed hydra bites you.
You die...

### ## ######### ###.#########
#####.
.##...#.###.#.#.##..#.######..#.#
..............y.@D...............
............................##.#P
##+..##P....P#P.###......#####.##
##.#........##### ##.....#####.##
#..P.##........####......P##...#.
#....###.........###.....###....#
#....##.....P##..###.....P##.....
#....###.....##...##.....###...#.
##.#####.....#....#......P##..###


You could see an eight-headed hydra and a vampire mosquito (slow).

Vanquished Creatures
  Snorg (Lair:3)
  6 hydras
  A rakshasa (D:8)
  Fannar (D:12)
  A centaur warrior (D:8)
  A catoblepas (D:8)
  2 two-headed ogres
  7 death yaks
  Sonja (D:12)
  An orc knight (Bailey)
  An ugly thing (D:12)
  3 cyclopes (D:12)
  An orb spider (Lair:3)
  6 elephants (Lair:3)
  3 black mambas
  9 cane toads
  A torpor snail (Lair:4)
  3 unseen horrors
  2 komodo dragons (Lair:1)
  A rime drake (Lair:3)
  A queen bee (D:10)
  5 trolls
  3 hornets
  Grinder (D:6)
  2 dream sheep (Lair:4)
  A slime creature (D:8)
  13 blink frogs
  3 basilisks (Lair:3)
  27 yaks
  3 wyverns
  2 wraiths
  7 vampire mosquitoes
  3 steam dragons
  4 wargs (D:12)
  3 acid dragons (D:11)
  15 water moccasins
  11 orc warriors
  A black bear (Lair:1)
  2 sky beasts
  A necrophage (D:6)
  2 ogres
  2 centaurs (D:9)
  A phantom (D:4)
  2 kobold brigands
  7 bullfrogs
  A water moccasin zombie (D:5)
  2 scorpions
  A wyvern skeleton (D:7)
  A water moccasin skeleton (D:6)
  27 killer bees
  12 wights
  An electric eel (D:12)
  3 howler monkeys
  A vampire bat (Lair:1)
  A gnoll shaman (D:6)
  3 centaur zombies
  A bullfrog zombie (D:6)
  2 centaur skeletons (D:5)
  A jelly (D:7)
  6 orc priests
  4 hounds
  6 orc wizards
  5 hell rats (Lair:4)
  A killer bee zombie (D:6)
  2 howler monkey zombies
  7 adders
  3 gnolls (D:6)
  4 ufetubi
  An adder skeleton (D:4)
  3 dart slugs
  45 orcs
  11 ball pythons
  5 endoplasms
  A giant cockroach (D:1)
  2 goblins
  2 hobgoblins
  8 jackals
  15 kobolds
  7 bats
  2 frilled lizards
  A rat (D:2)
372 creatures vanquished.

Vanquished Creatures (others)
  An orc warrior (Bailey)
  A bullfrog (D:7)
  An orc (D:7)
  A bush (D:6)
  5 foxfires (Lair:5)
  7 fungi
  10 plants
26 creatures vanquished.

Grand Total: 398 creatures vanquished

Notes
Turn   | Place    | Note
-------+----------+-------------------------------------------
     0 | D:1      | SkeletonJelly the Draconian Monk began the quest for the
                  | Orb.
     0 | D:1      | Reached XP level 1. HP: 19/19 MP: 1/1
   186 | D:1      | Reached XP level 2. HP: 22/26 MP: 2/2
   657 | D:1      | Found a faded altar of an unknown god.
   880 | D:1      | Became a worshipper of Cheibriados the Contemplative
   880 | D:1      | Reached * piety under Cheibriados
   880 | D:1      | Reached ** piety under Cheibriados
  1008 | D:2      | Reached skill level 4 in Long Blades
  1214 | D:2      | Reached *** piety under Cheibriados
  1283 | D:2      | Reached XP level 3. HP: 31/31 MP: 3/3
  2038 | D:3      | Reached skill level 1 in Invocations
  2137 | D:3      | Found a hide-covered altar of Uskayaw.
  2167 | D:3      | Reached XP level 4. HP: 38/38 MP: 4/4
  2826 | D:4      | Reached **** piety under Cheibriados
  2840 | D:4      | Found Xaif's Antique Armour Boutique.
  2861 | D:4      | Reached skill level 5 in Long Blades
  2966 | D:4      | Noticed a phantom
  2975 | D:4      | Killed a phantom
  2976 | D:4      | Reached XP level 5. HP: 45/45 MP: 5/7
  3012 | D:4      | Found a sacrificial altar of Ru.
  3416 | D:4      | Found a blossoming altar of Fedhas.
  3672 | D:5      | Entered Level 5 of the Dungeon
  3813 | D:5      | Identified the +2 pair of boots "Gefakk" {Rampage rPois
                  | rCorr Stlth-}
  3856 | D:5      | Reached XP level 6. HP: 42/51 MP: 8/8
  3932 | D:5      | Reached skill level 6 in Long Blades
  4006 | D:5      | Found a glowing golden altar of the Shining One.
  4292 | D:5      | Noticed a water moccasin
  4307 | D:5      | Killed a water moccasin
  4308 | D:5      | Reached skill level 7 in Long Blades
  4308 | D:5      | Your scales start taking on a fiery red colour.
  4308 | D:5      | Reached XP level 7. HP: 43/57 MP: 7/10
  4308 | D:5      | Gained mutation: Your flesh is heat resistant. (rF+) [Red
                  | Draconian growth]
  4666 | D:6      | Reached skill level 8 in Long Blades
  5001 | D:6      | Noticed Grinder
  5006 | D:6      | Killed Grinder
  5007 | D:6      | Reached XP level 8. HP: 70/70 MP: 5/11
  5224 | D:6      | Found a stormy altar of Qazlal.
  5495 | D:6      | Identified the +4 short sword "Usorubad" {pain, +Blink rC+
                  | Dex-4}
  5690 | D:7      | Reached ***** piety under Cheibriados
  6142 | D:7      | Reached XP level 9. HP: 76/85 MP: 12/12
  6865 | D:7      | Found an ornate altar of the Wu Jian Council.
  6896 | D:7      | Found a staircase to the Ecumenical Temple.
  7101 | D:8      | Reached skill level 10 in Fighting
  7125 | D:8      | Noticed a centaur warrior
  7131 | D:8      | Killed a centaur warrior
  7382 | D:8      | Noticed a five-headed hydra
  7394 | D:8      | Killed a five-headed hydra
  7395 | D:8      | Reached skill level 9 in Long Blades
  7395 | D:8      | Reached XP level 10. HP: 65/97 MP: 4/13
  7555 | D:8      | Reached skill level 10 in Long Blades
  7556 | D:8      | Noticed a rakshasa
  7883 | D:8      | Killed a rakshasa
  7959 | D:8      | Noticed a two-headed ogre
  7966 | D:8      | Killed a two-headed ogre
  7967 | D:8      | Reached skill level 11 in Long Blades
  8111 | D:8      | Noticed a catoblepas
  8121 | D:8      | Killed a catoblepas
  8122 | D:8      | Reached skill level 12 in Long Blades
  9334 | D:9      | Found a flagged portal.
  9347 | Bailey   | Entered a bailey
  9362 | Bailey   | Noticed an orc knight
  9366 | Bailey   | Killed an orc knight
  9367 | Bailey   | Reached XP level 11. HP: 74/104 MP: 14/14
  9675 | Bailey   | Reached skill level 13 in Long Blades
 10803 | D:9      | Noticed an obsidian statue
 10998 | D:10     | Entered Level 10 of the Dungeon
 11562 | D:10     | Found a staircase to the Lair.
 11788 | D:10     | Noticed a two-headed ogre
 11792 | D:10     | Reached skill level 14 in Long Blades
 11804 | D:10     | Killed a two-headed ogre
 12141 | D:10     | Reached skill level 5 in Dodging
 13523 | D:11     | Noticed an eight-headed hydra
 13531 | D:11     | Killed an eight-headed hydra
 13532 | D:11     | Reached skill level 5 in Invocations
 13794 | D:11     | Reached XP level 12. HP: 112/112 MP: 16/16
 14214 | D:12     | Found a staircase to the Orcish Mines.
 14448 | D:12     | You fall into a shaft and drop 3 floors!
 14448 | D:15     | Entered Level 15 of the Dungeon
 14636 | D:12     | Noticed Sonja
 14641 | D:12     | Killed Sonja
 14690 | D:12     | Noticed Fannar
 14701 | D:12     | Killed Fannar
 15306 | Lair:1   | Entered Level 1 of the Lair of Beasts
 16551 | Lair:2   | Found a staircase to the Shoals.
 16609 | Lair:2   | Noticed an eight-headed hydra
 16626 | Lair:2   | Killed an eight-headed hydra
 17467 | Lair:3   | Identified the ring of Ivearph {Fly rPois rC+ Dex+6 SInv}
 17545 | Lair:3   | Noticed a death yak
 17547 | Lair:3   | Noticed a death yak
 17549 | Lair:3   | Noticed a death yak
 17563 | Lair:3   | Killed a death yak
 17564 | Lair:3   | Reached skill level 10 in Invocations
 17564 | Lair:3   | Reached XP level 13. HP: 92/118 MP: 9/20
 17582 | Lair:3   | Reached skill level 10 in Dodging
 17901 | Lair:3   | Found a hole to the Spider Nest.
 17957 | Lair:3   | Noticed Snorg
 17969 | Lair:3   | Killed Snorg
 21116 | Lair:4   | Identified the +5 quarterstaff "Xeohuas" {venom, rPois
                  | Int+4}
 21180 | Lair:4   | HP: 1/118 [eight-headed hydra (5)]
 21180 | Lair:4   | Slain by an eight-headed hydra

Illustrated notes

Levels and vault maps discovered:
D:1:      dpeg_arrival_line_fractal, layout_basic,
          shapermc_ecumenical_altar_acropolis
D:2:      layout_loops_ring
D:3:      layout_basic, lemuel_doored_altar
D:4:      wad_crossroads, layout_basic, kennysheep_mini_moat,
          nicolae_overflow_crystal_walls, serial_shops, nicolae_shop_statue_plus
D:5:      layout_loops_cross, tso_altar, minmay_door_square, grunt_tough_drop
D:6:      layout_basic, mainiacjoe_overflow_boulevard, abandoned_shop,
          bh_walls_and_bars, uniq_grinder
D:7:      layout_layer_cave, general_overflow_altar, minmay_temple_entry_fiery,
          roderic_lattice_a, lemuel_flamethrower_2
D:8:      minmay_cut_squares, layout_basic
D:9:      minmay_separated_statues, layout_loops_ring, enter_bailey_2
D:10:     layout_basic, dpeg_oklobed_lair, special_room [special_room_bee],
          hangedman_decor_opposing
D:11:     layout_grid_maze
D:12:     layout_grid_maze, minmay_orc_entry_guard_dogs, lemuel_freeze_loot_1,
          uniq_fannar, uniq_sonja
D:13:     layout_gridville, grunt_vaults_entry_fortified, ebering_ghost_gozag,
          worldfamousw_hep_ancestral_shrine
D:14:     layout_layer_cave, gammafunk_ghost_stat_death,
          nicolae_trove_entry_columns, hex_medium, fountainhead,
          serial_bayou_pond_a
D:15:     hangedman_depths_entry_try_elsewhere_first, layout_loops_ring,
          hangedman_decor_peaks_small, uniq_agnes, uniq_jorgrun
Lair:1:   layout_roguey, roderic_batcave, grunt_megastairs_2
Lair:2:   layout_regular_city, elwin_shoals_entry_rocks
Lair:3:   layout_chaotic_city, nicolae_spider_entry_orb_guardian,
          serial_bayou_lake_a, grunt_megastairs_5, minmay_lair_oklob_chamber,
          uniq_snorg
Lair:4:   layout_regular_city
Lair:5:   layout_regular_city, gammafunk_ghost_necromancy,
          minmay_lair_oklob_bushes, columned_hall_lemuel, pond

Skill      XL: |  1  2  3  4  5  6  7  8  9 10 11 12 13 |
---------------+----------------------------------------+-----
Long Blades    | 4 5 7 8 9 12 14 | 14.0
Stealth        | 2 |  2.0
Invocations    | 1 3 4 5 10 12 | 12.0
Fighting       | 6 9 12 | 12.0
Dodging        | 6 9 12 | 12.0
Spellcasting   | |  0.4

Action                   |  1- 3 |  4- 6 |  7- 9 | 10-12 | 13-15 || total
-------------------------+-------+-------+-------+-------+-------++-------
Melee: Falchion          |    88 |   144 |    36 |       |       ||   268
       Tailslap          |    15 |    49 |    39 |   143 |   112 ||   358
       Scimitar          |       |       |    79 |   487 |   255 ||   821
       Long sword        |       |       |    29 |       |       ||    29
       Short sword       |       |       |       |       |     7 ||     7
Throw: Dart              |       |     2 |       |     4 |       ||     6
       Boomerang         |       |       |       |    16 |    12 ||    28
Invok: Bend Time         |       |     2 |     2 |     4 |     3 ||    11
       Slouch            |       |       |     3 |     8 |     8 ||    19
       Temporal Distorti |       |       |       |       |     2 ||     2
 Abil: Breathe Fire      |       |       |    11 |    20 |     4 ||    35
Evoke: Wand              |       |     5 |     4 |    11 |     4 ||    24
       Lightning rod     |       |       |       |     6 |     6 ||    12
  Use: Scroll            |       |       |       |    10 |       ||    10
       Potion            |       |       |       |       |     2 ||     2
 Stab: Sleeping          |     9 |     3 |     4 |     8 |     1 ||    25
       Distracted        |       |       |     1 |       |     2 ||     3
Armor: Skin              |    37 |    80 |    81 |   227 |    99 ||   524
Dodge: Dodged            |    54 |   108 |   102 |   394 |   329 ||   987
Block: Other             |     6 |    41 |    40 |   133 |    60 ||   280
       Reflection        |       |     2 |       |    14 |     1 ||    17
       Rpst.: Falchion   |    14 |    33 |     4 |       |       ||    51
       Scimitar          |       |       |    17 |    92 |    71 ||   180
       Long sword        |       |       |     2 |       |       ||     2
